Map: Ruins of Seras

Players

Trizztein

  • Race: Terran Terran
  • League: Platinum

Ceazon - Winner!

  • Race: Terran Terran
  • League: Diamond

VOD

Have the link to the VOD?

Description

Time

  • Played on: Dec. 28, 2015, 7:21 p.m.
  • Length: 4:44
Show
View Real Time Build Order
Export as new Build Order

Trizztein Terran 

Build Orders:  

Get SALT Encoding   

  12  0:01  SCV  
  13  0:13  SCV  
  14  0:18  Supply Depot  
  14  0:25  SCV  
  15  0:40  SCV  
  16  0:43  Barracks  
  16  0:48  Refinery  
  16  0:52  SCV  
  18  1:04  SCV  
  18  1:16  SCV  
  19  1:31  Barracks Reactor  
  20  1:34  Orbital Command  
  20  1:35  Supply Depot  
  19  1:55  Refinery  
  19  2:02  Command Center  
  19  2:03  SCV  
  19  2:07  Marine  
  21  2:10  Marine  
  21  2:15  SCV  
  23  2:24  Factory  
  23  2:31  Marine x2  
  23  2:32  SCV  
  26  2:44  SCV  
  26  2:46  Supply Depot  
  26  2:49  Marine  
  28  2:56  SCV  
  29  3:09  SCV  
  29  3:11  Factory Reactor  
  30  3:14  Starport  
  30  3:17  Orbital Command  
  29  3:21  Marine  
  29  3:22  Marine  
  31  3:29  SCV  
  32  3:41  SCV  
  32  3:44  Orbital Command  
  32  3:45  Barracks  
  32  3:46  Engineering Bay  
  33  3:56  SCV  
  33  3:58  Starport Tech Lab  
  34  4:08  Supply Depot  
  34  4:09  SCV  
  35  4:12  Viking  
  33  4:17  Marine x2  
  33  4:31  SCV  
Show
View Real Time Build Order
Export as new Build Order

Ceazon Terran - Winner!

Build Orders: 1/1/1, Hellion Banshee 

Get SALT Encoding   

  12  0:00  SCV  
  13  0:13  SCV  
  14  0:19  Supply Depot  
  14  0:25  SCV  
  15  0:30  Refinery  
  15  0:40  SCV  
  16  0:48  Barracks  
  16  0:52  SCV  
  17  1:05  SCV  
  18  1:17  SCV  
  19  1:28  Supply Depot  
  19  1:29  SCV  
  20  1:35  Factory  
  20  1:36  Marine  
  21  1:41  Orbital Command  
  21  1:47  Refinery  
  21  1:54  Barracks Reactor  
  21  2:08  SCV  
  22  2:19  Starport  
  22  2:24  Hellion  
  22  2:29  SCV  
  25  2:40  Supply Depot  
  25  2:41  Barracks Tech Lab  
  25  2:45  SCV  
  26  2:54  Hellion  
  26  2:55  Hellion  
  30  3:09  Banshee  
  30  3:10  Cloaking Field  
  33  3:16  Hellion x2  
  33  3:19  SCV  
  38  3:25  Supply Depot  
  38  3:40  Engineering Bay  
  38  3:45  Supply Depot  
  38  3:46  Hellion x2  
  42  3:52  Banshee  
  42  3:54  Marine  
  46  3:56  SCV  
Tags
 
Add a new tag
Caveats
  • Supply blocks, unpowered buildings, or Contaminate may cause inaccurate times.
  • Supply counts are checked every 10 seconds.